 Dungeon Crawl Stone Soup version 0.19-a0-816-geccf914 (webtiles) character file.

37 Musica the Cudgeler (level 3, -4/37 HPs)
             Began as a Troll Monk on June 29, 2016.
             Slain by Crazy Yiuf
             ... wielding a +4 quarterstaff of chaos
              (10 damage)
             ... on level 2 of the Dungeon.
             The game lasted 00:02:30 (1182 turns).

Musica the Cudgeler (Troll Monk)                    Turns: 1182, Time: 00:02:30

Health: -4/37      AC:  5    Str: 19    XL:     3   Next: 23%
Magic:  2/2        EV: 10    Int:  6    God:
Gold:   71         SH:  0    Dex: 13    Spells: 0 memorised, 2 levels left

rFire  . . .     SeeInvis .     a - +0 mace
rCold  . . .     Gourm    +     b - +0 robe
rNeg   . . .     Faith    .     (no shield)
rPois  .         Spirit   .     (helmet restricted)
rElec  .         Dismiss  .     (no cloak)
rCorr  .         Reflect  .     (gloves unavailable)
SustAt .         Harm     .     (boots unavailable)
MR     .....                    (no amulet)
Stlth  +.........               (no ring)
                                (no ring)

@: slowed, very slow, not resistant to hostile enchantments, very unstealthy
A: unfitting armour, claws 3, fast metabolism 3, gourmand, regeneration 2,
shaggy fur 1, tough skin 2
a: no special abilities


You were on level 2 of the Dungeon.
You were not hungry.

You visited 1 branch of the dungeon, and saw 3 of its levels.

You collected 71 gold pieces.

Inventory:

Hand Weapons
 a - a +0 mace (weapon)
Armour
 b - a +0 robe (worn)
Scrolls
 g - 4 scrolls of identify {unknown}
 k - a scroll of fear {unknown}
 l - a scroll of immolation {unknown}
Potions
 e - a potion of heal wounds {unknown}
 f - 3 potions of curing {unknown}
 h - 2 potions of cancellation {unknown}
 j - a potion of degeneration {unknown}
Comestibles
 c - 5 bread rations
 d - 2 meat rations
 i - a slice of pizza


   Skills:
 + Level 3.1 Fighting
 + Level 3.3 Maces & Flails
 - Level 2.4 Dodging
 - Level 1.1 Stealth


You had 2 spell levels left.
You didn't know any spells.

Dungeon Overview and Level Annotations

Branches:
Dungeon (3/15)

Altars:

Annotations:
D:2 Crazy Yiuf


Innate Abilities, Weirdness & Mutations

You are too large for most types of armour.
You have claws for hands.
Your metabolism is lightning-fast.
You like to eat raw meat.
You heal very quickly.
You are covered in fur. (AC +1)
You have very tough skin. (AC +2)


Message History

Crazy Yiuf closely misses you.
You hit Crazy Yiuf but do no damage.
Crazy Yiuf is almost dead.
Crazy Yiuf closely misses you. Crazy Yiuf barely misses you.
You hit Crazy Yiuf but do no damage.
Crazy Yiuf is almost dead.
Crazy Yiuf hits you with a quarterstaff of chaos.
You feel as though you will be slow longer.
You closely miss Crazy Yiuf.
Crazy Yiuf is almost dead.
Crazy Yiuf hits you with a quarterstaff of chaos.
You are electrocuted!
* * * LOW HITPOINT WARNING * * *
Crazy Yiuf completely misses you.
You barely miss Crazy Yiuf.
Crazy Yiuf is almost dead.
Crazy Yiuf closely misses you.
Crazy Yiuf grits, "Fire song sing-song!"
Crazy Yiuf hits you with a quarterstaff of chaos!
You die...

............#
#..............
#############
#..^.#.#######( ..#
#.#....# #. #.####
##############. .....#
#.........
#.##.#####♣♣♣♣♣
##########
..##........♣.♣♣♣ ###
....##....P..♣..♣#...#
###.##....P.♣♣♣♣@g...#
#.###...P♣♣ ♣♣#..)#
#.# ####♣♣ ### #.# #.#
#.# ######## #.#
#......#### #.#
#.####>...# #.# #.#
####.#


You could see Crazy Yiuf.

Vanquished Creatures
  An ooze (D:1)
  2 worms (D:2)
  3 giant geckos
  A ball python (D:1)
  3 giant cockroaches
  A goblin (D:1)
  2 hobgoblins
  2 bats (D:1)
  2 giant newts (D:1)
  4 kobolds
  4 rats
25 creatures vanquished.

Notes
Turn   | Place    | Note
--------------------------------------------------------------
     0 | D:1      | Musica the Troll Monk began the quest for the Orb.
     0 | D:1      | Reached XP level 1. HP: 22/22 MP: 0/0
   275 | D:1      | Reached XP level 2. HP: 29/29 MP: 1/1
   930 | D:2      | Reached XP level 3. HP: 28/37 MP: 2/2
  1168 | D:2      | Found a runed door.
  1172 | D:2      | Noticed Crazy Yiuf
  1182 | D:2      | Slain by Crazy Yiuf

Vault maps used:
D:1:      saegor_arrival_simple_c
D:2:      first_bread, uniq_crazy_yiuf_cottage
D:3:      kennysheep_the_goblin_king, yredelemnul_altar_generic,
          kennysheep_slug_shrine

Skill      XL: |  1  2 |
---------------+-------+-----
Maces & Flails | 3 |  3.3
Fighting       | 3 |  3.1
Dodging        | |  2.4
Stealth        | |  1.1

Action                   || total
-------------------------++-------
Melee: Mace              ||    66
 Stab: Sleeping          ||     4
  Eat: Chunk             ||    11
Armor: Robe              ||    20
Dodge: Dodged            ||    40
